[Event "*** Titled Tuesday Blitz"]
[Site "Chess.com"]
[Date "2021.03.30"]
[Round "2"]
[White "losersgame"]
[Black "Nesty_Javi_Chess"]
[Result "0-1"]
[WhiteElo "2324"]
[BlackElo "2610"]
[TimeControl "180+1"]
[EndTime "10:16:02 PDT"]
[Termination "Nesty_Javi_Chess won on time"]

1. d4 Nf6 2. c4 g6 3. Nc3 Bg7 4.
e4 d6 5. f3 O-O 6. Be3 e5 7. d5 a5 8. Qd2 Na6 9. Bd3 Nh5 10.
Nge2 f5 11. exf5 gxf5 12. O-O-O Nc5 13. Bxc5 dxc5 14. g4 fxg4 15. fxg4 Bxg4 16. Rhg1 Qh4 17. Ne4 Nf4 18. Rg3 Kh8 19. Rdg1 Bxe2 20. Bxe2 Bh6 21. Kb1 Ng6 22. Qc2 Qxh2 23. Bd3 Qxc2+ 24. Bxc2 b6 25.
Rh1 Kg7 26. Rgh3 Bf4 27. Rxh7+ Kg8 28. d6 cxd6 29. Nxd6 Rf6 30. Bxg6 Rxd6 31. Rh8+ Kg7 32. Rxa8 Kxg6 33. a3 Kf5 34. Rb8 Ke4 35. Re1+ Kf3 36. Rf8 Kg2 0-1

[Event "*** Titled Tuesday Blitz"]
[Site "Chess.com"]
[Date "2021.03.30"]
[Round "2"]
[White "GMHess"]
[Black "bilelou"]
[Result "0-1"]
[WhiteElo "2775"]
[BlackElo "2551"]
[TimeControl "180+1"]
[EndTime "10:16:03 PDT"]
[Termination "bilelou won by checkmate"]

1. b3 d5 2. Bb2 Bg4 3. h3 Bh5 4. d3 e6 5. Nd2 Nd7 6. Ngf3 c6 7. g4 Bg6 8. e3 Ngf6 9. Qe2 h6 10. O-O-O a5 11.
a3 a4 12. b4 c5 13. b5 c4 14. dxc4 Rc8 15. Nd4 Nb6 16. f4 dxc4 17. Nb1 Be4 18. Bg2 Bxg2 19. Qxg2 c3 20. Nxc3 Qc7 21. Rd3 Nc4 22. Nb1 Nd5 23. Qe4 Nd6 24. Qe5 Be7 25.
g5 hxg5 26. fxg5 Rh5 27. Rf1 Bf6 28. Rxf6 gxf6 29. Nxe6 Qxc2# 0-1

[Event "*** Titled Tuesday Blitz"]
[Site "Chess.com"]
[Date "2021.03.30"]
[Round "2"]
[White "anon102030"]
[Black "Ave_Mariia"]
[Result "1-0"]
[WhiteElo "2737"]
[BlackElo "2505"]
[TimeControl "180+1"]
[EndTime "10:16:04 PDT"]
[Termination "anon102030 won by checkmate"]

1. e4 c5 2. Nc3 d6 3. g3 Nc6 4. Bg2 g6 5. d3 Bg7 6. Be3 Nf6 7. h3 Rb8 8. f4 Nd7 9. Nf3 b5 10. d4 cxd4 11. Nxd4 Nxd4 12. Bxd4 O-O 13. Bxa7 Ra8 14. Bd4 Bb7 15. Bxg7 Kxg7 16. Nxb5 Qa5+ 17. Nc3 Qb4 18. Rb1 Rxa2 19. O-O Rxb2 20. Rxb2 Qxb2 21. Qd4+ e5 22. fxe5 Nxe5 23. Rb1 Qxc2 24. Rxb7 Rc8 25. Nd1 Rc4 26. Qxd6 Nd3 27. Ne3 Qf2+ 28. Kh2 Qxe3 29.
Qd5 Rd4 30. Qxf7+ Kh6 31. Qxh7+ Kg5 32. Qh4# 1-0

[Event "*** Titled Tuesday Blitz"]
[Site "Chess.com"]
[Date "2021.03.30"]
[Round "2"]
[White "vugarrasulov"]
[Black "LawrenceTrent"]
[Result "1-0"]
[WhiteElo "2862"]
[BlackElo "2557"]
[TimeControl "180+1"]
[EndTime "10:16:07 PDT"]
[Termination "vugarrasulov won by resignation"]

1. e4 e6 2. d4 d5 3. Nd2 Nc6 4. Ngf3 Nf6 5. e5 Nd7 6. Be2 f6 7. exf6 Qxf6 8. Nf1 Bd6 9. Ne3 O-O 10. O-O Nb6 11.
Ng4 Qe7 12. Re1 Bd7 13. c3 Be8 14. Bd3 Bh5 15. Ng5 e5 16. Nxh7 e4 17. Nxf8 Rxf8 18.
Nh6+ gxh6 19. Qxh5 Qf6 20. Bxh6 exd3 21. Bxf8 Bxf8 22. Re3 d2 23. b3 Ne7 24. Rd1 Qf5 25.
Rg3+ Bg7 26. Qe8+ Qf8 27. Qxf8+ Kxf8 28. Rxd2 Nd7 29. Rdd3 c5 30. dxc5 Nxc5 31. Rdf3+ Kg8 32. Re3 Nf5 33. Rxg7+ Kxg7 34. Re5 Kf6 35. Rxd5 b6 36. f3 Ke6 37. Rd8 a5 38. g4 Nd6 39. h4 Nd7 40. h5 Ne5 41. Kf2 Nb5 42. h6 Nf7 43. h7 1-0

[Event "*** Titled Tuesday Blitz"]
[Site "Chess.com"]
[Date "2021.03.30"]
[Round "2"]
[White "MarcoRiehle"]
[Black "Schwarzschidl"]
[Result "1-0"]
[WhiteElo "2689"]
[BlackElo "2480"]
[TimeControl "180+1"]
[EndTime "10:16:10 PDT"]
[Termination "MarcoRiehle won by resignation"]

1. e4 e5 2. Nf3 Nc6 3. Bc4 Nf6 4. d4 exd4 5. O-O Bc5 6. e5 d5 7. exf6 dxc4 8. Re1+ Be6 9. fxg7 Rg8 10. Bg5 Qd5 11. Nc3 Qf5 12. Ne4 Be7 13. Bxe7 Kxe7 14. Nxd4 Nxd4 15.
Qxd4 Rad8 16. Qxa7 Rxg7 17. Qxb7 Rd7 18. Qb4+ Ke8 19.
a4 Rd4 20. Qb8+ Kd7 21. Ng3 Qd5 22. c3 Rd2 23. Qf8 Rg6 24. Qh8 h5 25. Qxh5 Qxh5 26.
Nxh5 Rxb2 27. a5 Bd5 28. Nf4 Rd6 29. Nxd5 Rxd5 30. a6 Rb8 31. a7 Ra8 32. h4 Rd3 33.
Reb1 Kc8 34. Ra3 Rd5 35. g3 c6 36. Rb4 Rc5 37. Kg2 Kc7 38. g4 1-0

[Event "*** Titled Tuesday Blitz"]
[Site "Chess.com"]
[Date "2021.03.30"]
[Round "2"]
[White "klimkoj"]
[Black "NoGuru"]
[Result "0-1"]
[WhiteElo "2571"]
[BlackElo "2333"]
[TimeControl "180+1"]
[EndTime "10:16:10 PDT"]
[Termination "NoGuru won by resignation"]

1. e4 c6 2. d4 d5 3. exd5 cxd5 4.
c4 Nf6 5. Nc3 g6 6. Qb3 Bg7 7.
cxd5 O-O 8. Be2 a5 9. Bf3 Nbd7 10. Nge2 Nb6 11. a4 Ne8 12. O-O Nd6 13. Bf4 Bf5 14. Rfd1 Rc8 15. Rac1 Nbc4 16. Nb5 Nxb5 17. Qxb5 Nd6 18.
Qb3 Qd7 19. h3 h5 20. Nc3 Bf6 21. Nb5 Nxb5 22. Qxb5 Qxb5 23. axb5 Rxc1 24. Rxc1 Bxd4 25.
Rc7 Bxb2 26. Rxe7 a4 27. d6 a3 28. Bd5 Be6 29. Rxe6 fxe6 30. Bxe6+ Kg7 31. Bg5 Bf6 32. Be3 Rd8 33. Bc5 Bb2 34. d7 Rxd7 0-1

[Event "*** Titled Tuesday Blitz"]
[Site "Chess.com"]
[Date "2021.03.30"]
[Round "2"]
[White "RzayevB"]
[Black "Rud_Makarian"]
[Result "0-1"]
[WhiteElo "2525"]
[BlackElo "2801"]
[TimeControl "180+1"]
[EndTime "10:16:11 PDT"]
[Termination "Rud_Makarian won on time"]

1. e4 e5 2. Nf3 Nc6 3. Bc4 Bc5 4. d3 h6 5. c3 Nf6 6. b4 Be7 7. Nbd2 O-O 8. Nf1 d5 9. exd5 Nxd5 10. Qb3 Nb6 11.
Ne3 a5 12. b5 a4 13. Qc2 Na5 14. Nxe5 Bf6 15. Nxf7 Rxf7 16. Bxf7+ Kxf7 17. O-O Be6 18. Bb2 a3 19. Bxa3 Nac4 20. Bc5 Nd6 21. a4 Nd7 22.
Bxd6 cxd6 23. d4 Nb6 24. Rfd1 Rc8 25. d5 Bd7 26. Ra3 Nc4 27. Nxc4 Rxc4 28. Qd3 Qc7 29. Rc1 Qc5 30. Raa1 b6 31. a5 bxa5 32.
Rxa5 Bxb5 33. Qb1 Rf4 34. Rxb5 Qxf2+ 35. Kh1 Be5 36. Rb7+ Kf6 37. Rg1 Rh4 38. Rf7+ Kxf7 39. Qb7+ Kf6 0-1

[Event "*** Titled Tuesday Blitz"]
[Site "Chess.com"]
[Date "2021.03.30"]
[Round "2"]
[White "OlifantCZ"]
[Black "doctorcristian"]
[Result "0-1"]
[WhiteElo "2311"]
[BlackElo "2556"]
[TimeControl "180+1"]
[EndTime "10:16:12 PDT"]
[Termination "doctorcristian won by resignation"]

1. c4 g6 2. g3 Bg7 3. Bg2 c5 4. Nc3 Nc6 5. e4 e6 6. Nge2 Nge7 7. O-O d6 8. d3 O-O 9. f4 b6 10. g4 f5 11. exf5 gxf5 12. g5 Rb8 13. h4 Nd4 14.
Be3 Bb7 15. h5 Bxg2 16. Kxg2 Qd7 17. Bxd4 cxd4 18. Nb1 e5 19. Nd2 e4 20. dxe4 fxe4 21. Nxe4 Qc6 22. Ng3 Nf5 23. Qd3 Ne3+ 24. Kh3 Nxf1 25.
Rxf1 Rbe8 26. h6 Bh8 27. b3 Rf7 28. f5 Be5 29. g6 hxg6 30. fxg6 Rxf1 31. Qxf1 Rf8 32.
h7+ Kg7 33. Qxf8+ Kxf8 34. Ng5 Kg7 35. Nf7 Qc8+ 36. Kg2 Kxg6 0-1

[Event "*** Titled Tuesday Blitz"]
[Site "Chess.com"]
[Date "2021.03.30"]
[Round "2"]
[White "londonkid"]
[Black "ymoy"]
[Result "0-1"]
[WhiteElo "2498"]
[BlackElo "2726"]
[TimeControl "180+1"]
[EndTime "10:16:14 PDT"]
[Termination "ymoy won by checkmate"]

1. d4 Nf6 2. c4 e6 3. Nf3 b6 4. g3 Bb7 5. Bg2 Be7 6. O-O O-O 7. Nc3 d5 8. Ne5 Na6 9. Qa4 Qe8 10. Qb3 h6 11. cxd5 exd5 12. Nxd5 Nxd5 13. Bxd5 Bxd5 14. Qxd5 Rd8 15. Qc4 b5 16. Qc6 Nb4 17. Qxe8 Rfxe8 18. a3 Nc2 19. Rb1 Nxd4 20. e3 Nb3 21. Nc6 Rd6 22. Nd4 Nxd4 23. exd4 Bf6 24. Be3 Bxd4 25. Bxd4 Rxd4 26. Rbc1 Re7 27. Rc5 a6 28. Rfc1 Re2 29. R1c2 Rxc2 30. Rxc2 Rc4 31. Rxc4 bxc4 32. Kf1 f5 33.
Ke2 Kf7 34. Ke3 c5 35. Kd2 Ke6 36. Kc3 Kd5 37. f3 h5 38. h3 g5 39. a4 a5 40.
g4 fxg4 41. fxg4 h4 42. Kd2 Ke4 43. Kc3 Kf3 44. Kxc4 Kg3 45. Kxc5 Kxh3 46. Kb5 Kxg4 47. Kxa5 h3 48. b4 h2 49. b5 h1=Q 50. b6 Qa8+ 51. Kb5 Kf5 52. a5 g4 53. a6 g3 54. b7 Qb8 55.
Kb6 g2 56. a7 g1=Q+ 57. Kc6 Qgxa7 58. Kd5 Qbxb7+ 59. Kc4 Qa4+ 60. Kc3 Qbb3+ 61. Kd2 Qf4+ 62. Ke2 Qc2+ 63. Ke1 Qff2# 0-1

[Event "*** Titled Tuesday Blitz"]
[Site "Chess.com"]
[Date "2021.03.30"]
[Round "2"]
[White "campomania3"]
[Black "Rital44"]
[Result "0-1"]
[WhiteElo "2213"]
[BlackElo "2432"]
[TimeControl "180+1"]
[EndTime "10:16:14 PDT"]
[Termination "Rital44 won by resignation"]

1. d4 Nf6 2. c4 g6 3. Nc3 Bg7 4.
Nf3 d6 5. Bf4 O-O 6. h3 Nbd7 7. e3 c5 8. d5 b5 9. cxb5 a6 10.
bxa6 Qa5 11. Qd2 Nb6 12. e4 Bxa6 13. Bxa6 Qxa6 14. Qe2 Nc4 15. O-O Rfb8 16. b3 Nd7 17. Rac1 Na3 18. Qxa6 Rxa6 19. Rfe1 c4 20. bxc4 Nc5 21.
e5 Nd3 22. exd6 exd6 23. Be3 Nxe1 24. Nxe1 Nxc4 25. Bf4 Ne5 26. Ne4 Rxa2 27. Nxd6 Rd8 28. Ne4 h6 29. d6 f5 30. Nc5 Rxd6 31. Nb7 Rc6 32. Rd1 g5 33. Rd8+ Kf7 34. Bxe5 Bxe5 35. g4 Rc1 36. Kf1 Bc3 37. Rd7+ Ke6 0-1

[Event "*** Titled Tuesday Blitz"]
[Site "Chess.com"]
[Date "2021.03.30"]
[Round "2"]
[White "Firegrizzly"]
[Black "suneebaker"]
[Result "1-0"]
[WhiteElo "2612"]
[BlackElo "2131"]
[TimeControl "180+1"]
[EndTime "10:16:15 PDT"]
[Termination "Firegrizzly won by resignation"]

1. d4 e6 2. Nf3 f5 3. g3 Nf6 4.
Bg2 Be7 5. b3 O-O 6. Bb2 d6 7.
Nbd2 a5 8. O-O Nc6 9. Re1 Ne4 10. Nxe4 fxe4 11. Nd2 d5 12. f3 exf3 13. exf3 a4 14. c3 Bf6 15. f4 Bd7 16. Nf3 a3 17. Bc1 b5 18. b4 Qe8 19. h3 Qg6 20. Kh2 Ne7 21.
Ne5 Bxe5 22. Rxe5 Nf5 23. Qd3 Nd6 24. Qxg6 hxg6 25. Re2 Nc4 26. Be3 Rf6 27. Rae1 Kf7 28. Bc1 Rh8 29. h4 Ke7 30. Bxd5 Kd6 31. Bxc4 bxc4 32.
Bxa3 Ra8 33. Bc1 Bc6 34. a3 Bd5 35. Re5 c6 36. R1e2 Rf7 37. Ra2 Rfa7 38. Rae2 Rf8 39. Kg1 Rf5 40. Kf2 Rxe5 41. dxe5+ Ke7 42. Ra2 Ra4 43.
Be3 Kf7 44. Bc5 Be4 45. Ke3 Bb1 46. Ra1 Bc2 47. Kd4 Bb3 48. Bd6 Ra8 49. Kc5 Ke8 50.
Kxc6 1-0

[Event "*** Titled Tuesday Blitz"]
[Site "Chess.com"]
[Date "2021.03.30"]
[Round "2"]
[White "WiktoriaPOL"]
[Black "zacachess"]
[Result "0-1"]
[WhiteElo "2056"]
[BlackElo "2397"]
[TimeControl "180+1"]
[EndTime "10:16:15 PDT"]
[Termination "zacachess won on time"]

1. e4 c5 2. d4 cxd4 3. c3 dxc3 4. Nxc3 Nc6 5. Nf3 e6 6. Bc4 a6 7. Qe2 Nge7 8. O-O Ng6 9. Rd1 b5 10. Bb3 Be7 11. Be3 O-O 12. Nd4 Na5 13. Bc2 Bb7 14.
b3 Rc8 15. Qd2 Bb4 16. Nde2 Qc7 17. Qxd7 Bxc3 18. Qxc7 Rxc7 19. Bb6 Rcc8 20. Nxc3 Rxc3 21. Bd3 Nc6 22. Kf1 Nce5 23. Be2 Bxe4 24. h4 Rc2 25. h5 Nf4 26. Bd4 Bxg2+ 0-1

[Event "*** Titled Tuesday Blitz"]
[Site "Chess.com"]
[Date "2021.03.30"]
[Round "2"]
[White "BozeKat"]
[Black "Politov_Pavel"]
[Result "0-1"]
[WhiteElo "2032"]
[BlackElo "2389"]
[TimeControl "180+1"]
[EndTime "10:16:17 PDT"]
[Termination "Politov_Pavel won by resignation"]

1. Nf3 Nf6 2. d4 e6 3. c4 d5 4. e3 Be7 5. Nbd2 O-O 6. Bd3 c5 7. O-O Nc6 8. b3 a6 9. Ba3 cxd4 10. Bxe7 Qxe7 11. exd4 dxc4 12. bxc4 Nb4 13. Bb1 b5 14. a3 Nc6 15. Ne5 Nxd4 16. Ne4 Rd8 17. Nxf6+ Qxf6 18. Ng4 Qg5 19. Qd3 Qxg4 20. Qxh7+ Kf8 21.
Be4 Rb8 22. h3 Qg5 23. Rfd1 Qh6 24. Qxh6 gxh6 25. cxb5 axb5 26. Rab1 f5 27. Bc6 Nxc6 0-1

[Event "*** Titled Tuesday Blitz"]
[Site "Chess.com"]
[Date "2021.03.30"]
[Round "2"]
[White "Cptn2"]
[Black "poneis_malditos"]
[Result "1-0"]
[WhiteElo "2481"]
[BlackElo "2297"]
[TimeControl "180+1"]
[EndTime "10:16:21 PDT"]
[Termination "Cptn2 won by resignation"]

1. e4 c5 2. a3 e6 3. Nf3 Qc7 4. d4 cxd4 5. Qxd4 Nc6 6. Qd1 a6 7. Nc3 b5 8. Bg5 b4 9. axb4 Bxb4 10. Bd3 h6 11. Bh4 Nge7 12. O-O Bd6 13. Bxa6 g5 14. Nb5 Rxa6 15. Nxc7+ Bxc7 16. Rxa6 Bxa6 17. Bg3 Bxg3 18. hxg3 Bxf1 19. Qxf1 f6 20. c3 Kf7 21. b4 d5 22. exd5 Nxd5 23. b5 Nce7 24. c4 Nc7 25. b6 Na6 26. Qb1 Nb8 27. Nd4 e5 28. Nf5 Nec6 29.
c5 h5 30. Qb3+ Kg6 31. Nd6 Rf8 32. Nb5 Rd8 33. Na7 Nd4 34. Qb1+ Kg7 35. Qe4 Re8 36. c6 f5 37. Qd5 1-0

[Event "*** Titled Tuesday Blitz"]
[Site "Chess.com"]
[Date "2021.03.30"]
[Round "2"]
[White "Artem_Sadovsky"]
[Black "ChelsieMonica"]
[Result "0-1"]
[WhiteElo "2651"]
[BlackElo "2386"]
[TimeControl "180+1"]
[EndTime "10:16:22 PDT"]
[Termination "ChelsieMonica won on time"]

1. c4 Nf6 2. g3 Nc6 3. Bg2 g6 4. b3 Bg7 5. Bb2 O-O 6. Nf3 d6 7. d4 Re8 8. O-O Bf5 9. d5 Nb8 10. Nbd2 a5 11. Nd4 Bd7 12. e4 a4 13. Qc2 a3 14. Bc3 c5 15. Ne2 b5 16. Rae1 bxc4 17.
Nxc4 Bb5 18. e5 Bxc4 19. bxc4 dxe5 20. Bxe5 Ra6 21. Nc3 Nbd7 22. f4 e6 23. d6 Rb6 24.
Nb5 Qb8 25. h3 Nxe5 26. fxe5 Nd7 27. Qc3 Rf8 28. Kh1 h5 29. h4 Rxd6 0-1

[Event "*** Titled Tuesday Blitz"]
[Site "Chess.com"]
[Date "2021.03.30"]
[Round "2"]
[White "Aleksey_Sorokin"]
[Black "Ermito2020"]
[Result "1-0"]
[WhiteElo "2759"]
[BlackElo "2513"]
[TimeControl "180+1"]
[EndTime "10:16:23 PDT"]
[Termination "Aleksey_Sorokin won by resignation"]

1. d4 d5 2. c4 e6 3. Nf3 Nf6 4. g3 c6 5. Bg2 Be7 6. O-O O-O 7.
Qd3 b6 8. Nc3 Ba6 9. b3 Nbd7 10.
e4 dxc4 11. bxc4 e5 12. dxe5 Ng4 13. Bf4 g5 14. Rfd1 gxf4 15. Qxd7 Qxd7 16. Rxd7 Bc5 17. Bf1 fxg3 18. hxg3 Nxf2 19. Kg2 Bc8 20. Rd2 Bh3+ 21. Kh2 Bxf1 22. Rxf1 Ng4+ 23. Kh3 Ne3 24. Re1 Rad8 25. Na4 Nxc4 26. Rxd8 Rxd8 27. Nxc5 bxc5 28. Rc1 Rd3 29. Kg4 Ne3+ 30. Kg5 c4 31. Nh4 c3 32. Nf5 Nxf5 33.
exf5 Rxg3+ 34. Kf6 h5 35. Ke7 h4 36. e6 fxe6 37.
f6 Rf3 38. Rg1+ Kh7 39. f7 c2 40. f8=Q Rxf8 41. Kxf8 h3 42. Kf7 h2 43. Rh1 Kh6 44. Rxh2+ Kg5 45. Rxc2 e5 46. Ke6 e4 47. Kd6 e3 48.
Kxc6 Kf4 49. a4 a5 50. Kb5 Kf3 51. Kxa5 e2 52. Rxe2 Kxe2 53. Kb6 Kd3 54. a5 1-0

[Event "*** Titled Tuesday Blitz"]
[Site "Chess.com"]
[Date "2021.03.30"]
[Round "2"]
[White "politeplayer"]
[Black "Arvids_Andrejevs"]
[Result "0-1"]
[WhiteElo "2221"]
[BlackElo "2434"]
[TimeControl "180+1"]
[EndTime "10:16:23 PDT"]
[Termination "Arvids_Andrejevs won on time"]

1. e4 e5 2. Nf3 Nc6 3. d4 exd4 4. Bc4 Nf6 5. O-O Nxe4 6. Re1 d5 7. Bxd5 Qxd5 8. Nc3 Qh5 9. Nxe4 Be6 10. Bg5 Bb4 11.
c3 dxc3 12. bxc3 Be7 13. Bxe7 Nxe7 14. Qa4+ b5 15. Qa3 Rd8 16. Nc5 Rd6 17. Nxe6 fxe6 18.
Re5 Qf7 19. Ng5 Qf6 20. Qc5 O-O 21. Rae1 Rc6 22. Qe3 Rxc3 23. Qd2 Rc6 24. Rxe6 Rxe6 25. Rxe6 Qa1+ 26. Re1 Qf6 27. Ne4 Qb6 28. Qe2 Nf5 29. h3 h6 30. Qg4 Nd4 31. Ng3 Qf6 32. Rf1 Qf4 0-1

[Event "*** Titled Tuesday Blitz"]
[Site "Chess.com"]
[Date "2021.03.30"]
[Round "2"]
[White "Hypercar"]
[Black "KarateBaby"]
[Result "1-0"]
[WhiteElo "2486"]
[BlackElo "2300"]
[TimeControl "180+1"]
[EndTime "10:16:24 PDT"]
[Termination "Hypercar won by resignation"]

1. e4 g6 2. d4 Bg7 3. Nf3 d6 4.
Be2 Nf6 5. Nbd2 O-O 6. h3 Nc6 7. d5 Nb8 8. O-O c6 9. c4 e6 10.
Nb3 exd5 11. exd5 cxd5 12. cxd5 Bf5 13. Nfd4 Be4 14. Bf3 Bxf3 15. Qxf3 Nbd7 16. Bf4 Ne5 17. Qd1 Nxd5 18. Bg3 Ne7 19. Rc1 N7c6 20. Kh2 f5 21. Ne6 Qe7 22. Nxf8 Rxf8 23. f4 Nd7 24. Qd5+ Kh8 25.
Rfe1 Qf6 26. Re6 Qxb2 27. Qxd6 Nf6 28. Qd2 Qa3 29. Nc5 Rd8 30. Qe3 Qxa2 31. Nxb7 Nd4 32. Nxd8 Nxe6 33. Nxe6 Ne4 34. Rc8+ 1-0

[Event "*** Titled Tuesday Blitz"]
[Site "Chess.com"]
[Date "2021.03.30"]
[Round "2"]
[White "RafalBRC"]
[Black "zmeeed67"]
[Result "0-1"]
[WhiteElo "2175"]
[BlackElo "2420"]
[TimeControl "180+1"]
[EndTime "10:16:27 PDT"]
[Termination "zmeeed67 won by resignation"]

1. d4 d5 2. c4 e6 3. Nc3 c6 4. Nf3 Nf6 5. Bg5 dxc4 6. a4 Bb4 7.
Qc2 b5 8. e3 Bb7 9. Ne5 Nbd7 10. Be2 a6 11. Bf3 Qc7 12. axb5 cxb5 13. Bxb7 Qxb7 14. O-O O-O 15. f4 Nd5 16. f5 Nxe5 17. dxe5 exf5 18. Nxd5 Qxd5 19. Qxf5 Rfe8 20. Bf4 Qe6 21.
Qh5 c3 22. bxc3 Bxc3 23. Rac1 b4 24. h4 a5 25. Qf3 a4 26. h5 h6 27. Rcd1 Rad8 28.
Rd6 Rxd6 29. exd6 a3 30. Rd1 a2 31. d7 Rd8 32. Qa8 Rxa8 0-1

[Event "*** Titled Tuesday Blitz"]
[Site "Chess.com"]
[Date "2021.03.30"]
[Round "2"]
[White "parintele_chess"]
[Black "elextranjero00"]
[Result "1-0"]
[WhiteElo "2254"]
[BlackElo "2600"]
[TimeControl "180+1"]
[EndTime "10:16:28 PDT"]
[Termination "parintele_chess won by resignation"]

1. e4 c6 2. d4 d5 3. f3 e6 4. Nc3 Bb4 5. a3 Bxc3+ 6. bxc3 dxe4 7. Qe2 c5 8. Be3 Nc6 9. Rd1 Qa5 10. Qd2 Nf6 11. Bg5 cxd4 12. Bxf6 gxf6 13. cxd4 Qxd2+ 14. Rxd2 exf3 15. Nxf3 Ne7 16. c4 b6 17. d5 Bb7 18.
d6 Nf5 19. c5 bxc5 20. Bb5+ Kf8 21. Kf2 Bd5 22. d7 Ke7 23. Re1 Bxf3 24. gxf3 Nd4 25. Ba4 Rhg8 26. Rc1 Rg5 27. h4 Rf5 28. Rxd4 cxd4 29. Rc8 1-0

[Event "*** Titled Tuesday Blitz"]
[Site "Chess.com"]
[Date "2021.03.30"]
[Round "2"]
[White "HeroString"]
[Black "CrushingKings"]
[Result "0-1"]
[WhiteElo "2242"]
[BlackElo "2450"]
[TimeControl "180+1"]
[EndTime "10:16:28 PDT"]
[Termination "CrushingKings won by resignation"]

1. d4 Nf6 2. c4 e6 3. g3 c5 4. d5 exd5 5. cxd5 b5 6. Bg2 d6 7. a4 b4 8. Nd2 g6 9. Nc4 Bg7 10. Bf4 Bf8 11. Nf3 Ba6 12. Rc1 Nh5 13. Bg5 Be7 14. Qd2 O-O 15. O-O Re8 16. Rfe1 Bxc4 17. Rxc4 Nd7 18. Rh4 Bxg5 19. Nxg5 Qf6 20. Ne4 Qe7 21.
Qh6 Ndf6 22. Nxf6+ Nxf6 23. e4 Qf8 24. Qf4 Nxd5 25. Qd2 Nb6 26. a5 Nc4 27. Qd5 Nxb2 28. f4 Na4 29. f5 Nc3 30. Qc4 d5 31. Qf1 dxe4 32. Bxe4 Rad8 33. fxg6 fxg6 34. Qc4+ Kg7 35. Rf1 Qe7 36. Rhf4 Rf8 37. Bg2 Ne2+ 38. Kh1 Nxf4 39.
gxf4 Rd4 40. Qb5 Rdxf4 41. a6 Rxf1+ 42. Bxf1 Qe4+ 43. Bg2 Qb1+ 0-1

[Event "*** Titled Tuesday Blitz"]
[Site "Chess.com"]
[Date "2021.03.30"]
[Round "2"]
[White "abykhovsky"]
[Black "dachessmandan"]
[Result "1-0"]
[WhiteElo "2719"]
[BlackElo "2493"]
[TimeControl "180+1"]
[EndTime "10:16:30 PDT"]
[Termination "abykhovsky won by checkmate"]

1. d4 Nf6 2. Nf3 e6 3. Bg5 d5 4.
c4 Be7 5. Nc3 dxc4 6. e4 O-O 7.
e5 Nd5 8. Bxe7 Qxe7 9. Bxc4 Nb6 10. Bd3 Nc6 11. a3 Rd8 12. Qd2 Na5 13. Rd1 Nac4 14.
Qe2 Na5 15. h4 h6 16. Qe4 f5 17. exf6 gxf6 18. Rh3 f5 19. Qf4 Kh7 20. Kf1 Nd5 21. Nxd5 Rxd5 22. Re1 Qg7 23. Rg3 Qf7 24. Ne5 Qf6 25.
h5 Bd7 26. Rg6 Qf8 27. Re3 Rd8 28. Nxd7 R8xd7 29. Rexe6 Rxd4 30. Rxh6+ Kg8 31. Qe5 Qxh6 32.
Rxh6 Rxd3 33. Qh8+ Kf7 34. Qf6+ Kg8 35. Rh8# 1-0

[Event "*** Titled Tuesday Blitz"]
[Site "Chess.com"]
[Date "2021.03.30"]
[Round "2"]
[White "kekic76"]
[Black "JiiHart"]
[Result "1-0"]
[WhiteElo "2392"]
[BlackElo "2038"]
[TimeControl "180+1"]
[EndTime "10:16:30 PDT"]
[Termination "kekic76 won by resignation"]

1. e4 c6 2. Nc3 g6 3. Nf3 Bg7 4. h3 d5 5. d3 dxe4 6. Nxe4 Nf6 7. Be2 Nbd7 8. O-O O-O 9. Re1 Nxe4 10. dxe4 Nf6 11.
Bd3 h6 12. Qe2 Be6 13. Be3 b6 14. c3 c5 15. a4 Qc7 16. Nd2 Rfd8 17. Bc4 Bxc4 18.
Qxc4 Rd7 19. a5 Rad8 20. Nf3 b5 21. Qxc5 Nxe4 22. Qxc7 Rxc7 23. Bxa7 Rxa7 24. Rxe4 Rda8 25. b4 Bxc3 26. Rc1 Rc7 27. Nd4 Rb8 28. Nb3 e5 29. Nc5 Bxb4 30. Rxb4 Rbc8 31. Rxb5 1-0

[Event "*** Titled Tuesday Blitz"]
[Site "Chess.com"]
[Date "2021.03.30"]
[Round "2"]
[White "OparinGrigoriy"]
[Black "Trankuilizer"]
[Result "1-0"]
[WhiteElo "2995"]
[BlackElo "2601"]
[TimeControl "180+1"]
[EndTime "10:16:32 PDT"]
[Termination "OparinGrigoriy won on time"]

1. d4 Nf6 2. Nf3 g6 3. c4 Bg7 4.
g3 O-O 5. Bg2 c5 6. O-O Na6 7.
Nc3 d6 8. b3 Bg4 9. Bb2 Rc8 10.
Rc1 b6 11. Qd2 Nc7 12. Rfd1 h5 13. dxc5 bxc5 14. Ng5 Ne6 15. h3 Nxg5 16. hxg4 Ne6 17. gxh5 Nxh5 18. Nd5 Bxb2 19. Qxb2 Nd4 20. e3 Nc6 21. g4 Nf6 22. Nxf6+ exf6 23. Bxc6 Rxc6 24. f3 Qe7 25. Kf2 Re8 26. Qc3 Ra6 27. Rd2 Kg7 28.
Rh1 Qe5 29. Qxe5 fxe5 30. g5 e4 31. f4 Rh8 32. Rxh8 Kxh8 33. Kg3 Kg7 34. Kg4 f5+ 35. gxf6+ Kxf6 36. Rh2 Ra3 37. Rg2 a5 38. Rd2 Ke7 39.
f5 a4 40. fxg6 axb3 41. axb3 Rxb3 42. Kf4 Rb6 43. g7 Kf7 44. Rg2 Kg8 45. Kxe4 Rb3 46. Kd5 Rd3+ 47. Kc6 Rc3 48. Rg4 1-0

[Event "*** Titled Tuesday Blitz"]
[Site "Chess.com"]
[Date "2021.03.30"]
[Round "2"]
[White "FairChess_on_YouTube"]
[Black "ljuks68"]
[Result "1-0"]
[WhiteElo "3004"]
[BlackElo "2479"]
[TimeControl "180+1"]
[EndTime "10:16:33 PDT"]
[Termination "FairChess_on_YouTube won by resignation"]

1. e4 e6 2. d4 d5 3. Nd2 Nf6 4. Bd3 c5 5. dxc5 dxe4 6. Nxe4 Nxe4 7. Bxe4 Qxd1+ 8. Kxd1 Bxc5 9. Ke2 Nc6 10. Nf3 O-O 11.
Rd1 e5 12. Be3 Bxe3 13. Kxe3 f6 14. Rd6 Ne7 15. Rad1 Nf5+ 16. Bxf5 Bxf5 17. c4 Kf7 18. Nd2 Ke7 19. Ne4 Rac8 20. b3 Be6 21. f3 h6 22. a4 Rfd8 23. g4 Rxd6 24. Rxd6 Rd8 25. Rxd8 Kxd8 26. Nd6 b6 27. Nf5 g6 28. Nxh6 Kc7 29.
f4 exf4+ 30. Kxf4 g5+ 31. Ke4 Kd6 32. Kd4 a5 33. Nf5+ Kc6 34. Ne3 Kd6 35. h3 Kc6 36. Nd5 f5 37. gxf5 1-0

[Event "*** Titled Tuesday Blitz"]
[Site "Chess.com"]
[Date "2021.03.30"]
[Round "2"]
[White "NicoChasin"]
[Black "novocane"]
[Result "1-0"]
[WhiteElo "2617"]
[BlackElo "2233"]
[TimeControl "180+1"]
[EndTime "10:16:34 PDT"]
[Termination "NicoChasin won by resignation"]

1. d4 Nf6 2. c4 e6 3. Nf3 b6 4.
g3 Ba6 5. b3 Bb4+ 6. Bd2 Be7 7.
Bg2 O-O 8. O-O d5 9. Bc3 Nbd7 10. Nbd2 c5 11. Ne5 Bb7 12. dxc5 bxc5 13. cxd5 Nxd5 14. Bb2 Bf6 15. Ndc4 Nxe5 16. Nxe5 Qc7 17. Nc4 Nc3 18. Qc2 Bxg2 19. Kxg2 Qc6+ 20. f3 Nd5 21. Bxf6 Nxf6 22. e4 Rfd8 23. Rad1 h5 24. Rf2 h4 25. Rfd2 Rxd2+ 26.
Rxd2 Qc7 27. Qd1 hxg3 28. hxg3 Nh5 29. e5 g6 30. Rd7 Qc6 31. Qd6 Qxd6 32. Nxd6 f5 33.
Rc7 a5 34. Rxc5 a4 35. b4 a3 36. b5 Rb8 37. Rc8+ Rxc8 38. Nxc8 1-0

[Event "*** Titled Tuesday Blitz"]
[Site "Chess.com"]
[Date "2021.03.30"]
[Round "2"]
[White "viktorgen2021"]
[Black "xurramid77"]
[Result "0-1"]
[WhiteElo "2329"]
[BlackElo "2639"]
[TimeControl "180+1"]
[EndTime "10:16:35 PDT"]
[Termination "xurramid77 won by checkmate"]

1. d4 Nf6 2. Nf3 g6 3. g3 Bg7 4. Bg2 O-O 5. O-O d6 6. a4 Nc6 7. Nc3 a5 8. e4 Bg4 9. h3 Bxf3 10.
Bxf3 e5 11. d5 Nd4 12. Bg2 c5 13. Kh2 Nd7 14. f4 f5 15. Nb5 Nxb5 16. axb5 fxe4 17. Bxe4 exf4 18. Bxf4 Bxb2 19. Rb1 Be5 20. Bh6 Rxf1 21.
Qxf1 Qh4 22. Bf4 Bxf4 23. Qxf4 Qxf4 24. gxf4 a4 25. f5 Kg7 26. Kg3 a3 27. Kf4 a2 28.
Ra1 Ra4 29. Ke3 Nf6 30. Bd3 Nxd5+ 31. Kd2 Nb4 32. Be2 gxf5 33. c3 Nd5 34. Bd1 Ra3 35. c4 Nb4 36. Be2 b6 37. h4 Kf6 38.
h5 f4 39. Bd1 f3 40. Ke1 Ke5 41. Kf2 Kf4 42. h6 Rd3 43. Ba4 Rd2+ 44. Kg1 Rb2 45. Kf1 Rb1+ 46. Rxb1 axb1=Q+ 47. Kf2 Nd3# 0-1